 Dungeon Crawl Stone Soup version 0.30-b1-2-g02819fbbbe (webtiles) character file.

Game seed: 8095341847139895666

1534 Flugkiller the Cutter (level 8, -6/53 (61) HPs)
             Began as a Vampire Warper on May 17, 2023.
             Was an Initiate of Ashenzari.
             Succumbed to a wight's poison
             ... on level 7 of the Dungeon.
             The game lasted 00:06:59 (5629 turns).

Flugkiller the Cutter (Vampire Warper)              Turns: 5629, Time: 00:06:59

HP:   -6/53 (61)    AC:  5    Str: 10    XL:     8   Next: 55%
MP:   13/13         EV: 12    Int: 19    God:    Ashenzari [......]
Gold: 375           SH:  0    Dex: 14    Spells: 8/14 levels left

rFire   + . .        m - +4 short sword of Vanity {speed, Int+2}
rCold   . . .        (no shield)
rNeg    . . .        b - +0 leather armour
rPois   .            e - +1 helmet
rElec   .            (no cloak)
rCorr   .            (no gloves)
SInv    +            (no boots)
Will    .....        (no amulet)
Stlth   +++          p - ring of protection from fire
HPRegen 0.48/turn    (no ring)
MPRegen 0.13/turn

%: no passive effects
@: mighty, lethally poisoned (-6 -> -33), healing quickly, heavily drained
A: alive, fangs 3, see invisible, vampiric 2
a: Exsanguinate, Renounce Religion


You were on level 7 of the Dungeon.
You worshipped Ashenzari.
Ashenzari was noncommittal.
You visited 2 branches of the dungeon, and saw 8 of its levels.

You collected 375 gold pieces.

Inventory:

Hand Weapons
 m - the +4 short sword of Vanity (weapon) {speed, Int+2}
   (You found it on level 2 of the Dungeon)

   Int:       It affects your intelligence (+2).
 q - the +8 sling of Yfyruh {freeze, rPois rN+++ Will- Str-2}
   (You found it on level 2 of the Dungeon)

   Str:       It affects your strength (-2).
   rPois:     It protects you from poison.
   rN:        It renders you almost immune to negative energy.
   Will:      It decreases your willpower.
Missiles
 a - 5 javelins
 c - 27 poisoned darts
 d - 4 boomerangs of dispersal (quivered)
 h - 2 throwing nets
 k - 7 boomerangs
Armour
 b - a +0 leather armour (worn)
 e - a +1 helmet (worn)
   (You found it on level 3 of the Dungeon)
Magical Staves
 f - a staff of poison
   (You found it on level 5 of the Dungeon)
Jewellery
 p - a ring of protection from fire (left hand)
   (You found it on level 7 of the Dungeon)
Wands
 g - a wand of roots (2)
   (You found it on level 4 of the Dungeon)
Scrolls
 j - a scroll of vulnerability
 l - a scroll of enchant weapon
 r - a scroll of butterflies {unknown}
 s - a scroll of immolation
 t - 3 scrolls of teleportation
 y - a scroll of fog {unknown}
 z - a scroll of blinking
 B - a scroll of fear {unknown}
Potions
 i - 3 potions of mutation
 n - a potion of resistance
 o - 4 potions of attraction
 u - a potion of invisibility
 v - a potion of flight
 x - a potion of cancellation
 C - a potion of lignification
Miscellaneous
 A - a piece from Xom's chessboard (13/15)
   (You found it on level 7 of the Dungeon)


   Skills:
 + Level 4.4 Fighting
 - Level 6.6 Short Blades
 - Level 0.7 Throwing
 - Level 0.7 Armour
 - Level 2.1 Dodging
 + Level 6.6 Stealth
 + Level 3.7 Spellcasting
 - Level 2.4 Translocations
 + Level 3.0 Poison Magic
 + Level 3.4 Evocations


You had 8 spell levels left.
You knew the following spells:

 Your Spells              Type           Power      Damage    Failure   Level
a - Olgreb's Toxic Radia  Pois           15%        N/A       50%         4
r - Blink                 Tloc           24%        N/A       11%         2

Your spell library contained the following spells:

 Spells                   Type           Power      Damage    Failure   Level
 Apportation              Tloc           24%        N/A       7%          1
 Sting                    Tmut/Pois      36%        1d4       11%         1
 Lesser Beckoning         Tloc           24%        N/A       11%         2
 Poisonous Vapours        Pois/Air       18%        N/A       16%         2
 Freeze                   Ice            12%        1d3       19%         1
 Necrotise                Necr           12%        1d4       19%         1
 Summon Small Mammal      Summ           12%        N/A       19%         1
 Gell's Gravitas          Tloc           12%        N/A       22%         3
 Teleport Other           Tloc           12%        N/A       22%         3
 Portal Projectile        Hex/Tloc       16%        N/A       34%         3
 Vhi's Electric Charge    Tloc/Air       16%        N/A       34%         3
 Call Canine Familiar     Summ           3%         N/A       50%         3
 Frozen Ramparts          Ice            6%         1d1       50%         3
 Hailstorm                Conj/Ice       3%         3d3       50%         3
 Tukima's Dance           Hex            3%         N/A       50%         3
 Manifold Assault         Tloc           12%        N/A       56%         4
 Leda's Liquefaction      Hex/Erth       1%         N/A       88%         4
 Metabolic Englaciation   Hex/Ice        1%         N/A       99%         5
 Yara's Violent Unravell  Hex/Tmut       1%         3d3       99%         5
 Dispersal                Tloc           6%         N/A       100%        6


Dungeon Overview and Level Annotations

Branches:
Dungeon (7/15) Zot: 26247  Temple (1/1) D:7 Zot: 5983

Altars:
Ashenzari
Fedhas
Gozag
Hepliaklqana
Kikubaaqudgha
Qazlal
Ru
Sif Muna
Trog
Uskayaw
Vehumet
Wu Jian
Xom
Yredelemnul

Annotations:
D:6 1 runed translucent door, Rye's ghost, novice HuBe


Innate Abilities, Weirdness & Mutations

Your natural rate of healing is accelerated.
You have razor-sharp teeth.
You have supernaturally acute eyesight. (SInv)
You are afflicted with vampirism and can become a bat while bloodless.


Message History

Ashenzari warns you of distant threats and treasures.
Ashenzari reveals the structure of the dungeon to you.
Ashenzari shows you where magical portals lie.
Found a bloodstained altar of Trog.
There is a staircase back to the Dungeon here.
You climb upwards.
Welcome back to the Dungeon!
There is a staircase to the Ecumenical Temple here.
A wight comes into view. It is wielding a +2 dagger of freezing.
The wight moves out of view.
A wight comes into view. It is wielding a +0 short sword.
The wight hits you but does no damage. The wight attacks as you move away!
The wight hits you with a +2 dagger of freezing.
The wight freezes you.
You closely miss the wight. You hit the wight. You bite the wight.
The wight is moderately damaged.
The wight hits you with a +2 dagger of freezing.
You feel drained. The wight freezes you.
You hit the wight.
The wight is moderately damaged.
You hit the wight but do no damage.
The wight is moderately damaged.
The wight hits you with a +2 dagger of freezing.
The wight freezes you.
You closely miss the wight.
The wight is moderately damaged.
You hit the wight.
The wight is moderately damaged.
The wight misses you.
You closely miss the wight.
The wight is moderately damaged.
You hit the wight but do no damage.
The wight is moderately damaged.
You hit the wight but do no damage.
The wight is moderately damaged.
The wight closely misses you.
You hit the wight but do no damage. You punch the wight, but do no damage.
You bite the wight.
The wight is heavily damaged.
You hit the wight.
The wight is severely damaged.
The wight hits you with a +2 dagger of freezing.
You feel drained. The wight freezes you.
You hit the wight. You bite the wight.
You destroy the wight!
Your Poison Magic skill increases to level 3!
No target in view!
Things that are here:
a +2 dagger of freezing; a +0 robe You start resting.
HP restored.
Things that are here:
a +2 dagger of freezing; a +0 robe A wight comes into view.
It is wielding a +3 halberd.
A wight is nearby!
Things that are here:
a +2 dagger of freezing; a +0 robe You start waiting.
A wight is nearby!
The wight hits you with a +3 halberd! The wight closely misses you.
You hit the wight. You punch the wight, but do no damage.
The wight is lightly damaged.
The wight hits you with a +1 spear of venom!
You feel drained.
You are poisoned.
The wight barely misses you.
You hit the wight but do no damage. Your bite misses the wight.
The wight is lightly damaged.
You feel sick.
You hit the wight.
The wight is heavily damaged.
You feel sick.
The wight hits you with a +1 spear of venom!
You feel drained.
You are more poisoned.
The wight misses you.
You feel extremely sick.
The wight hits you from afar with a +3 halberd!
* * * LOW HITPOINT WARNING * * *
* * * LOW HITPOINT WARNING * * *
You feel very sick.
The wight hits you from afar with a +1 spear of venom.
* * * LOW HITPOINT WARNING * * *
You feel drained.
You are more poisoned.
Unknown command.
You feel much better.
* * * LOW HITPOINT WARNING * * *
You feel very sick. The wight barely misses you.
It was a potion of might.
You feel very mighty all of a sudden.
* * * LOW HITPOINT WARNING * * *
You feel very sick.
The wight hits you from afar with a +1 spear of venom.
* * * LOW HITPOINT WARNING * * *
You feel drained.
* * * LOW HITPOINT WARNING * * *
You are more poisoned.
It was a potion of magic.
Magic courses through your body.
You die...

..........#
##...####....
..........#
##.....##.....
.........#
#....##.#.....
...z.z...#
##...####......
.........# ##...##
##...... #........#
##..### ##.......
#.....###########..##
#........
#.###.#####...##..##
#.....#..
#.......)...#.##@##
#......##>
..##...#..##..#.##
#.....###.
####..##..#z##
#.....# ##
..####..###..z##
..........
........###..###
###.###.#.
..#...>..#.....## ..
#. #..#............#
#. #. ## ##.##.....#
.. .. .## ##....# .
#.


You could see 2 wights.

Vanquished Creatures
  A steam dragon (D:7)
  Duvessa (D:6)
  An ice beast (D:7)
  An ogre (D:5)
  Blork the orc (D:6)
  A bullfrog (D:6)
  A scorpion (D:5)
  4 wights (D:7)
  Dowan (D:6)
  A gnoll bouda (D:7)
  2 hounds
  An orc priest (D:5)
  Jessica (D:3)
  7 iguanas
  A sleepcap (D:7)
  Natasha (thrice) (D:3)
  An orc wizard (D:4)
  Robin (D:4)
  8 adders
  4 gnolls (D:7)
  A white imp (D:6)
  An ufetubus (D:4)
  2 worms
  13 orcs
  6 ball pythons
  6 endoplasms
  4 giant cockroaches
  12 goblins
  6 hobgoblins
  A quokka (D:2)
  6 bats
  A frilled lizard (D:3)
  3 kobolds
  3 rats
107 creatures vanquished.

Notes
Turn   | Place    | Note
-------+----------+-------------------------------------------
     0 | D:1      | Flugkiller the Vampire Warper began the quest for the Orb.
     0 | D:1      | Reached XP level 1. HP: 16/16 MP: 3/3
   202 | D:1      | Reached XP level 2. HP: 22/22 MP: 5/5
   882 | D:2      | Found a faded altar of an unknown god.
   905 | D:2      | Gained mutation: You are afflicted with vampirism and can
                  | become a bat while bloodless. [Vampire growth]
   905 | D:2      | Reached XP level 3. HP: 21/27 MP: 6/6
   909 | D:2      | Got Plato's Anthology of the Tesseract
  1124 | D:2      | Identified the +4 short sword of Vanity {speed, Int+2}
  1311 | D:2      | Identified the +0 robe of Card Tricks {Rampage *Slow rN+}
  1443 | D:2      | Identified the +8 sling of Yfyruh {freeze, rPois rN+++
                  | Will- Str-2}
  1530 | D:3      | Noticed Natasha
  1536 | D:3      | Killed Natasha
  1537 | D:3      | Reached XP level 4. HP: 24/33 MP: 7/7
  1574 | D:3      | Noticed Jessica
  1582 | D:3      | Killed Jessica
  1583 | D:3      | Reached skill level 5 in Short Blades
  1644 | D:3      | Noticed Natasha
  1804 | D:3      | Killed Natasha
  1805 | D:3      | Reached XP level 5. HP: 35/38 MP: 8/8
  2003 | D:3      | Got the Directory of the Maleficium
  2268 | D:3      | Noticed Natasha
  2279 | D:3      | Killed Natasha
  2280 | D:3      | Reached skill level 1 in Stealth
  2340 | D:4      | Found a basalt altar of Yredelemnul.
  2341 | D:4      | Found a sacrificial altar of Ru.
  2349 | D:4      | Noticed Robin
  2383 | D:4      | Killed Robin
  2707 | D:4      | Reached XP level 6. HP: 41/46 MP: 9/9
  3075 | D:5      | Entered Level 5 of the Dungeon
  3276 | D:5      | Reached skill level 1 in Evocations
  3479 | D:5      | Found a shimmering blue altar of Sif Muna.
  3819 | D:5      | Learned a level 2 spell: Blink
  3824 | D:5      | Learned a level 4 spell: Olgreb's Toxic Radiance
  4122 | D:6      | Noticed Rye's ghost (novice HuBe)
  4125 | D:6      | Found a runed translucent door.
  4229 | D:5      | Reached XP level 7. HP: 30/52 MP: 10/10
  4348 | D:6      | Reached skill level 1 in Poison Magic
  4369 | D:6      | Noticed Blork the orc
  4377 | D:6      | Killed Blork the orc
  4497 | D:6      | Noticed Duvessa
  4498 | D:6      | Noticed Dowan
  4522 | D:6      | Killed Duvessa
  4523 | D:6      | Reached skill level 5 in Stealth
  4570 | D:6      | Killed Dowan
  4817 | D:7      | Reached XP level 8. HP: 60/60 MP: 12/12
  5256 | D:7      | Found an ornate altar of the Wu Jian Council.
  5293 | D:7      | Found a staircase to the Ecumenical Temple.
  5530 | Temple   | Entered the Ecumenical Temple
  5538 | Temple   | Became a worshipper of Ashenzari the Shackled
  5626 | D:7      | HP: 2/56 [wight/+1 spear of venom (1)]
  5629 | D:7      | Succumbed to a wight's poison

Illustrated notes

Levels and vault maps discovered:
D:1:      saegor_arrival_fortress, layout_basic, serial_forest,
          infiniplex_forest_clump_curved, infiniplex_forest_lined_corner,
          infiniplex_forest_straight_4, infiniplex_forest_lined_corner,
          infiniplex_forest_clump_curved, infiniplex_forest_lined_corner,
          st_stairs_6, minmay_misc_feat_rugged, minmay_misc_feat_four_crosses,
          hangedman_decor_points, supply_closet_lemuel, dk_noncrumbling_2
D:2:      layout_basic, shapermc_ecumenical_altar_rom_forum
D:3:      layout_basic, nicolae_figureground_sparkle, uniq_natasha, uniq_jessica
D:4:      layout_basic, chequers_temple_overflow_statue_of_worship, uniq_robin
D:5:      layout_layer_cave, kennysheep_orc_sif_temple
D:6:      layout_cave_pools, hellmonk_ghost_happy_afterlife, uniq_blork_the_orc,
          uniq_duvessa
D:7:      layout_cave_pods, nzn_wu_jian_contemplation,
          minmay_temple_entry_wispy, hellmonk_bongcloud_opening,
          minmay_misc_feat_roman, dk_vineyard_3
Temple:   compressed_dpeg_triangle_lava_temple

Skill      XL: |  1  2  3  4  5  6  7  8 |
---------------+-------------------------+-----
Fighting       | 2 3 4 |  4.4
Short Blades   | 3 4 5 6 |  6.6
Stealth        | 2 4 5 6 |  6.6
Evocations     | 1 2 3 |  3.4
Poison Magic   | 2 3 |  3.0
Spellcasting   | 3 |  3.7
Throwing       | |  0.7
Armour         | |  0.7
Dodging        | |  2.1
Translocations | |  2.4

Action                     |  1- 3 |  4- 6 |  7- 9 || total
---------------------------+-------+-------+-------++-------
  Melee: Short sword       |   110 |   219 |   190 ||   519
         Bite              |     9 |    18 |    21 ||    48
         Punch             |     2 |     2 |     5 ||     9
  Throw: Boomerang         |       |       |     5 ||     5
   Cast: Blink             |       |       |     1 ||     1
  Evoke: Piece from Xom's  |       |       |     4 ||     4
         Wand              |       |       |     3 ||     3
    Use: Scroll            |       |     9 |     5 ||    14
         Potion            |       |     1 |     5 ||     6
   Stab: Sleeping          |     1 |     1 |     2 ||     4
         Petrified         |       |       |     2 ||     2
 Armour: Leather armour    |    28 |    29 |    26 ||    83
         Skin              |       |       |     6 ||     6
  Dodge: Dodged            |    54 |    80 |    59 ||   193
